 Dungeon Crawl Stone Soup version 0.26.1-2-gb8aa6d0cf2 (webtiles) character file.

Game seed: 5465216052443571621

11587 nightchill the Spear-Bearer (level 11, 0/92 HPs)
             Began as a Merfolk Fighter on Mar 28, 2021.
             Was an Elder of Okawaru.
             Slain by a seven-headed hydra (12 damage)
             ... on level 1 of the Lair of Beasts.
             The game lasted 00:26:53 (16179 turns).

nightchill the Spear-Bearer (Merfolk Fighter)      Turns: 16179, Time: 00:26:54

Health: 0/92       AC:  7    Str: 20    XL:     11   Next: 80%
Magic:  17/18      EV: 14    Int:  7    God:    Okawaru [****..]
Gold:   699        SH: 17    Dex: 14    Spells: 10/10 levels left

rFire    + . .     SeeInvis .   a - +0 trident
rCold    . . .     Faith    .   c - +0 kite shield
rNeg     + . .     Spirit   .   L - +3 leather armour {Will+}
rPois    .         Reflect  +   (no helmet)
rElec    .         Harm     .   (no cloak)
rCorr    .         Rampage  .   (no gloves)
Will     +....                  (no boots)
Stlth    +++.......             D - amulet of reflection
HPRegen  0.25/turn              n - ring of protection from fire
MPRegen  0.16/turn              o - ring of positive energy

@: heroism
A: change form in water, swift swim, stealthy swim
a: Renounce Religion, Heroism


You were on level 1 of the Lair of Beasts.
You worshipped Okawaru.
Okawaru was greatly pleased with you.
You visited 2 branches of the dungeon, and saw 11 of its levels.

You collected 699 gold pieces.

Inventory:

Hand Weapons
 a - a +0 trident (weapon)
 k - a +0 glaive
 p - a +0 spear of pain
Missiles
 f - 363 stones (quivered)
 F - a throwing net
Armour
 c - a +0 kite shield (worn)
 L - a +3 leather armour of willpower (worn)
 P - a +0 scale mail
Jewellery
 m - an uncursed amulet of magic regeneration
 n - a ring of protection from fire (left hand)
 o - a ring of positive energy (right hand)
 r - an uncursed ring of flight
 D - an amulet of reflection (around neck)
 E - an uncursed ring of protection from cold
Wands
 s - a wand of disintegration (6)
 y - a wand of random effects (41)
 O - a wand of flame (19)
Scrolls
 g - 4 scrolls of teleportation {unknown}
 i - 2 scrolls of identify
 l - a scroll of fog
 q - 2 scrolls of magic mapping
 t - 5 scrolls of remove curse
 w - a scroll of noise {unknown}
 x - 3 scrolls of enchant armour {unknown}
 z - 2 scrolls of blinking {unknown}
 B - 2 scrolls of enchant weapon {unknown}
 I - a scroll of vulnerability {unknown}
 J - 2 scrolls of amnesia {unknown}
Potions
 b - a potion of might
 d - a potion of resistance
 e - 3 potions of mutation
 h - 3 potions of haste
 j - 3 potions of attraction
 u - 2 potions of lignification
 v - 2 potions of brilliance
 A - a potion of ambrosia {unknown}
 C - 9 potions of heal wounds
 G - a potion of curing
 H - 3 potions of flight
 N - a potion of magic {unknown}


   Skills:
 + Level 10.6(15.6) Fighting
 - Level 14.0(19.0) Polearms
 + Level 5.0(10.0) Armour
 - Level 0.1(5.1) Dodging
 - Level 0.2(5.2) Stealth
 + Level 6.6(11.6) Shields
 + Level 9.9 Invocations


You had 10 spell levels left.
You didn't know any spells.
Your spell library contained the following spells:

 Spells                   Type           Power        Failure   Level
 Foxfire                  Conj/Fire      0%           63%         1
 Conjure Flame            Conj/Fire      0%           94%         3
 Inner Flame              Hex/Fire       0%           94%         3
 Sticky Flame             Conj/Fire      0%           100%        4
 Fireball                 Conj/Fire      0%           100%        5


Dungeon Overview and Level Annotations

Branches:
Dungeon (10/15)            Temple (0/1) D:6            Lair (1/6) D:10
    Orc (0/2) D:10

Altars:
Cheibriados
Gozag
Makhleb
Okawaru
Qazlal
Uskayaw
Xom
The Shining One

Shops:
D:9 ?

Annotations:
D:6 exclusion: downstairs
D:10 exclusion: 2 doors


Message History

The seven-headed hydra bites you. The seven-headed hydra bites you!
* * * LOW HITPOINT WARNING * * *
The seven-headed hydra bites you but does no damage.
You puncture the seven-headed hydra!
The seven-headed hydra is almost dead.
You hit the seven-headed hydra.
The seven-headed hydra is almost dead.
You block the seven-headed hydra's attack. x3
The seven-headed hydra bites you.
* * * LOW HITPOINT WARNING * * *
The seven-headed hydra bites you!
* * * LOW HITPOINT WARNING * * *
You block the seven-headed hydra's attack.
The seven-headed hydra bites you!
* * * LOW HITPOINT WARNING * * *
You hit the seven-headed hydra.
The seven-headed hydra is almost dead.
You block the seven-headed hydra's attack.
The seven-headed hydra bites you!
You die...

........####...[.......
#..............##.#.##
#..............# ####
##.#....###..# #..###
#..# #..# P..# ##..#
#..## #...# #...####
##.@# ##...... ##YD#
#.......
#####PYY####...P#
#......Y.......#
#.........Y....#
#######..###...# #...#
##...# #...# .......
#...# .......


You could see a seven-headed hydra and 4 yaks.

Vanquished Creatures
  Erica (D:8)
  A two-headed ogre (D:9)
  A cyclops (D:10)
  An ugly thing (D:10)
  2 cane toads (Lair:1)
  Maggie (D:6)
  A troll (D:10)
  Prince Ribbit (D:5)
  Grinder (D:4)
  Sigmund (D:4)
  A wyvern (D:7)
  A wraith (D:10)
  14 yaks
  Eustachio (D:5)
  Edmund (D:6)
  2 steam dragons (D:7)
  Menkaure (D:4)
  Duvessa (D:6)
  3 water moccasins
  A hornet zombie (D:10)
  2 ice beasts (D:9)
  A sky beast (D:7)
  A necrophage (D:7)
  6 phantoms
  A black bear (D:10)
  5 centaurs
  2 ogres
  A big kobold (D:5)
  Blork the orc (D:4)
  8 bullfrogs
  Dowan (D:6)
  A water moccasin zombie (D:6)
  A scorpion (D:9)
  12 killer bees (D:8)
  9 wights (D:10)
  A quasit (D:6)
  6 hounds
  An orc priest (D:4)
  3 jellies
  A bullfrog skeleton (D:9)
  A centaur skeleton (D:8)
  Ijyb (D:4)
  Natasha (D:4)
  5 iguanas
  9 orc wizards
  7 worker ants
  11 adders
  A gnoll (D:4)
  A howler monkey skeleton (D:4)
  2 shadow imps
  4 white imps
  2 ufetubi
  2 oozes
  An adder zombie (D:6)
  2 worms
  3 dart slugs
  8 leopard geckos
  42 orcs
  9 bats
  5 giant cockroaches
  5 goblins
  5 hobgoblins
  16 jackals
  8 kobolds
  3 quokkas
  3 ball pythons
  7 frilled lizards
  2 leopard gecko skeletons
  7 rats
274 creatures vanquished.

Vanquished Creatures (others)
  3 fungi (Lair:1)
  10 plants
13 creatures vanquished.

Grand Total: 287 creatures vanquished

Notes
Turn   | Place    | Note
-------+----------+-------------------------------------------
     0 | D:1      | nightchill the Merfolk Fighter began the quest for the Orb.
     0 | D:1      | Reached XP level 1. HP: 18/18 MP: 1/1
   213 | D:1      | Reached XP level 2. HP: 25/25 MP: 2/2
   852 | D:1      | Reached skill level 4 in Polearms
  1002 | D:1      | Reached XP level 3. HP: 30/30 MP: 3/3
  1441 | D:2      | Found an iron altar of Okawaru.
  1448 | D:2      | Became a worshipper of Warmaster Okawaru
  2275 | D:3      | Reached XP level 4. HP: 19/37 MP: 4/4
  2463 | D:3      | Reached skill level 5 in Polearms
  2467 | D:3      | Found a shimmering altar of Xom.
  2468 | D:3      | Found a shimmering altar of Xom.
  2468 | D:3      | Found a shimmering altar of Xom.
  2581 | D:2      | Reached skill level 1 in Invocations
  2911 | D:3      | Reached XP level 5. HP: 42/42 MP: 6/6
  3042 | D:3      | Found a stormy altar of Qazlal.
  3373 | D:4      | Noticed Ijyb
  3399 | D:3      | Reached skill level 6 in Polearms
  3421 | D:3      | HP: 1/43 [orc/+0 hand axe (5)]
  3826 | D:4      | Noticed Menkaure
  3973 | D:4      | Killed Menkaure
  3973 | D:4      | Reached * piety under Okawaru
  3974 | D:4      | Reached skill level 7 in Polearms
  3974 | D:4      | Reached XP level 6. HP: 50/50 MP: 7/7
  4029 | D:4      | Reached skill level 5 in Fighting
  4352 | D:4      | Killed Ijyb
  4445 | D:4      | Noticed a phantom
  4477 | D:4      | Killed a phantom
  4478 | D:4      | Reached skill level 8 in Polearms
  4478 | D:4      | Reached XP level 7. HP: 40/56 MP: 9/9
  4867 | D:4      | Noticed Grinder
  4877 | D:4      | Noticed Blork the orc
  4889 | D:4      | Killed Blork the orc
  4898 | D:4      | Paralysed by Grinder for 5 turns
  4911 | D:4      | Killed Grinder
  4912 | D:4      | Reached skill level 9 in Polearms
  5354 | D:4      | Noticed Sigmund
  5370 | D:4      | Killed Sigmund
  5371 | D:4      | Reached XP level 8. HP: 64/64 MP: 11/11
  5880 | D:4      | Noticed Natasha
  5894 | D:4      | Killed Natasha
  6106 | D:5      | Entered Level 5 of the Dungeon
  6143 | D:4      | Reached skill level 10 in Polearms
  6591 | D:5      | Noticed Prince Ribbit
  6739 | D:5      | Reached skill level 5 in Invocations
  6929 | D:5      | Found an opulent altar of Gozag.
  7257 | D:5      | Killed Prince Ribbit
  7257 | D:5      | Reached ** piety under Okawaru
  7258 | D:5      | Reached skill level 11 in Polearms
  7626 | D:5      | Reached XP level 9. HP: 72/72 MP: 10/13
  7690 | D:5      | Noticed Eustachio
  7738 | D:5      | Killed Eustachio
  8028 | D:6      | Noticed Edmund
  8056 | D:6      | Killed Edmund
  8057 | D:6      | Reached skill level 12 in Polearms
  8236 | D:6      | Found a staircase to the Ecumenical Temple.
  8859 | D:6      | Noticed Maggie
  8876 | D:6      | Killed Maggie
  9095 | D:6      | Noticed Duvessa
  9106 | D:6      | Noticed Dowan
  9122 | D:6      | Killed Duvessa
  9133 | D:6      | Killed Dowan
  9276 | D:7      | Found an iron altar of Okawaru.
  9525 | D:7      | Reached skill level 13 in Polearms
  9981 | D:7      | Reached *** piety under Okawaru
 10015 | D:7      | Reached XP level 10. HP: 69/82 MP: 12/15
 10039 | D:7      | Reached skill level 14 in Polearms
 11168 | D:7      | Found a glowing golden altar of the Shining One.
 11471 | D:8      | Noticed Erica
 11818 | D:8      | Killed Erica
 11818 | D:8      | Reached **** piety under Okawaru
 12383 | D:8      | Found a hide-covered altar of Uskayaw.
 12383 | D:8      | Found a burning altar of Makhleb.
 13168 | D:9      | Noticed a two-headed ogre
 13181 | D:9      | Killed a two-headed ogre
 13182 | D:9      | Reached skill level 5 in Shields
 13182 | D:9      | Reached XP level 11. HP: 55/90 MP: 14/17
 13380 | D:9      | Found Myabb's Magic Scroll Shoppe.
 13667 | D:9      | Found a snail-covered altar of Cheibriados.
 14034 | D:10     | Entered Level 10 of the Dungeon
 14065 | D:10     | Reached skill level 10 in Fighting
 14300 | D:10     | Found a staircase to the Orcish Mines.
 14301 | D:10     | Noticed a cyclops
 14329 | D:10     | Killed a cyclops
 14425 | D:10     | Found a staircase to the Lair.
 14936 | D:10     | Noticed a green ugly thing
 14952 | D:10     | Killed a green ugly thing
 15763 | Lair:1   | Entered Level 1 of the Lair of Beasts
 15896 | Lair:1   | Reached skill level 5 in Armour
 16152 | Lair:1   | Noticed a seven-headed hydra
 16179 | Lair:1   | Slain by a seven-headed hydra

Illustrated notes

Levels and vault maps discovered:
D:1:      lemuel_arrival_funnel, layout_basic
D:2:      layout_basic, lemuel_round_altar
D:3:      layout_rooms, grunt_qazlal_sundering, xom_redecorated
D:4:      minmay_spotlight, layout_cave_pools, serial_co_window_serial,
          co_window_paths_a, co_window_corner_a, co_window_paths_a,
          co_window_paths_a, co_window_cross_1, co_window_paths_b,
          co_window_corner_a, co_window_of_opportunity_c, co_window_broadway_c,
          co_window_corner_b, co_window_2corner, co_window_corner_cb,
          co_window_corner_ca, co_window_corner_ca, glass_columns_c,
          minmay_bisected, uniq_blork_the_orc, uniq_ijyb, uniq_menkaure,
          uniq_natasha, uniq_grinder, uniq_sigmund
D:5:      layout_rooms, basic_altar, lexackson_kobold_supper,
          uniq_prince_ribbit1, uniq_eustachio
D:6:      layout_basic, minmay_temple_entry_waves, uniq_maggie, uniq_duvessa,
          uniq_edmund
D:7:      layout_layer_cave, nicolae_tso_swordbearing_angel, okawaru_gym_becter
D:8:      layout_basic, grunt_temple_overflow_open, uniq_erica
D:9:      layout_irregular_city, cheibriados_altar_1, serial_shops, shop,
          nicolae_straight_to_the_point
D:10:     cheibrodos_two_vegetables, layout_rooms, lair_entry_dummy, david_orc_2
Lair:1:   layout_small_grid, st_stairs_13, beast_lair_carwin_11,
          infiniplex_staircase_pool

Skill      XL: |  1  2  3  4  5  6  7  8  9 10 11 |
---------------+----------------------------------+-----
Polearms       | 4 5 7 8 9 11 13 14 | 14.0
Fighting       | 4 5 6 7 8 9 10 | 10.6
Invocations    | 1 2 3 4 5 7 8 9 |  9.9
Armour         | 3 5 |  5.0
Shields        | 5 6 |  6.6
Dodging        | |  0.1
Stealth        | |  0.2

Action                   |  1- 3 |  4- 6 |  7- 9 | 10-12 || total
-------------------------+-------+-------+-------+-------++-------
Melee: Trident           |   132 |   238 |   496 |   620 ||  1486
       Spear             |     4 |       |       |       ||     4
Invok: Heroism           |       |     3 |    20 |    23 ||    46
  Use: Scroll            |     4 |     2 |     2 |     6 ||    14
       Potion            |       |     4 |     2 |     2 ||     8
 Stab: Sleeping          |       |       |     2 |     1 ||     3
Armor: Scale mail        |     3 |       |       |       ||     3
       Ring mail         |    36 |    59 |    13 |       ||   108
       Leather armour    |       |       |    46 |    48 ||    94
       Steam dragon scal |       |       |     1 |       ||     1
Dodge: Dodged            |    51 |    68 |    91 |    97 ||   307
Block: Kite shield       |    52 |   105 |   207 |   295 ||   659
       Reflection        |       |       |    10 |    15 ||    25
